3AA
LITTLE CAESARS HOT N READYS @ BELVEDERE PARK RAWHIDES
09/01/2030
 
TOP OF THE 1ST
Little Caesars Hot N Readys batting - Pitching for Belvedere Park Rawhides : RHP Sixto Soto
Pitching: RHP Sixto Soto
Batting: RHB Jorge Noutel 0-0: Bunt missed!
0-1: Ball
1-1: TRIPLE (Groundball, 5L)
Batting: LHB Yin-reng Hsueh 0-0: Swinging Strike
0-1: Called Strike
0-2: Strikes out swinging
Batting: LHB Michael Cochran 0-0: Ball
1-0: Ball
2-0: Ball
3-0: Called Strike
3-1: Called Strike
3-2: Base on Balls
Batting: LHB Gilberto Moreno 0-0: Ball
1-0: Ball
2-0: SINGLE (Line Drive, 78S)
Jorge Noutel scores
Michael Cochran to second
Batting: RHB Lorenzo Ruíz 0-0: Ball
Wild Pitch!
Michael Cochran to third
Gilberto Moreno to second
1-0: Swinging Strike
1-1: Ball
2-1: Swinging Strike
2-2: Foul Ball, location: 2F
2-2: Ball
3-2: Reached on error, E4 (Groundball, 4M)
Michael Cochran scores
Gilberto Moreno to third
Batting: RHB George St. Clair 0-0: Ball
1-0: Foul Ball, location: 2F
1-1: Foul Ball, location: 2F
1-2: Ball
2-2: TRIPLE (Flyball, 7D)
Gilberto Moreno scores
Lorenzo Ruíz scores
Batting: SHB Ryan Forrest 0-0: Foul Ball, location: 2F
0-1: Ball
1-1: Foul Ball, location: 2F
1-2: Foul Ball, location: 2F
1-2: Ball
2-2: Ground out 6-3 (Groundball, 6M)
George St. Clair scores
Batting: RHB Amos Bies 0-0: Foul Ball, location: 2F
0-1: Foul Ball, location: 2F
0-2: Ball
1-2: Fly out, F8 (Line Drive, 8RD)
Top of the 1st over - 5 runs, 3 hits, 1 error, 0 left on base; Little Caesars 5 - Belvedere Park 0
BOTTOM OF THE 1ST
Belvedere Park Rawhides batting - Pitching for Little Caesars Hot N Readys : LHP Alberto Bahe
Pitching: LHP Alberto Bahe
Batting: SHB Ed Blackett 0-0: Ball
1-0: Foul Ball, location: 2F
1-1: Called Strike
1-2: SINGLE (Line Drive, 78S)
Batting: LHB Seung-soo Ch'ae 0-0: Ball
1-0: Swinging Strike
1-1: Swinging Strike
1-2: Fielders Choice at 2nd, 1-6 (Groundball, 13S)
Batting: RHB Pat Lloyd 0-0: Called Strike
0-1: Foul Ball, location: 2F
0-2: Ball
1-2: Foul Ball, location: 2F
1-2: Fly out, F9 (Line Drive, 89D)
Batting: RHB Joey Trifone 0-0: Called Strike
0-1: Ball
1-1: Called Strike
1-2: Foul Ball, location: 2F
1-2: Foul Ball, location: 2F
1-2: 2-RUN HOME RUN (Flyball, 78XD), Distance : 428 ft
Batting: SHB Eduardo Pampin 0-0: Called Strike
0-1: Called Strike
0-2: Ball
1-2: Ball
2-2: Strikes out swinging
Bottom of the 1st over - 2 runs, 2 hits, 0 errors, 0 left on base; Little Caesars 5 - Belvedere Park 2
TOP OF THE 2ND
Little Caesars Hot N Readys batting - Pitching for Belvedere Park Rawhides : RHP Sixto Soto
Batting: RHB Harith Karim 0-0: Fly out, F8 (Flyball, 8RD)
Batting: RHB Jorge Noutel 0-0: Called Strike
0-1: Ball
1-1: Ball
2-1: SINGLE (Groundball, 6MD)
Batting: LHB Yin-reng Hsueh 0-0: Called Strike
0-1: Ball
1-1: Ground out 5-3 (Groundball, 5S)
Jorge Noutel to second
Batting: LHB Michael Cochran 0-0: Ball
1-0: Ball
2-0: Foul Ball, location: 2F
2-1: Foul Ball, location: 2F
2-2: Foul Ball, location: 2F
2-2: Foul Ball, location: 2F
2-2: Fly out, F8 (Flyball, 8RM)
Top of the 2nd over - 0 runs, 1 hit, 0 errors, 1 left on base; Little Caesars 5 - Belvedere Park 2
BOTTOM OF THE 2ND
Belvedere Park Rawhides batting - Pitching for Little Caesars Hot N Readys : LHP Alberto Bahe
Batting: LHB Dan O'Day 0-0: Ball
1-0: Ground out 6-3 (Groundball, 6)
Batting: RHB Jorge Alcantar 0-0: Called Strike
0-1: Ball
1-1: Ball
2-1: Called Strike
2-2: Fly out, F9 (Flyball, 9S)
Batting: SHB Adrián Zamudio 0-0: Ball
1-0: Ball
2-0: Swinging Strike
2-1: Ball
3-1: Base on Balls
Batting: RHB Jody Bennett 0-0: SINGLE (Groundball, 6MD)
Adrián Zamudio to second
Runner from 2nd tries for 3rd, SAFE, no throw
Batting: SHB Ed Blackett 0-0: Called Strike
0-1: DOUBLE (Line Drive, 7LS)
Adrián Zamudio scores
Jody Bennett to third
Runner from 3rd tries for Home, SAFE, no throw
Batting: LHB Seung-soo Ch'ae 0-0: SINGLE (Line Drive, 6D)
Ed Blackett to third
Runner from 3rd tries for Home, SAFE, throw made home
Batting: RHB Pat Lloyd 0-0: Called Strike
Seung-soo Ch'ae is caught stealing 2nd base
Bottom of the 2nd over - 3 runs, 3 hits, 0 errors, 0 left on base; Little Caesars 5 - Belvedere Park 5
TOP OF THE 3RD
Little Caesars Hot N Readys batting - Pitching for Belvedere Park Rawhides : RHP Sixto Soto
Batting: LHB Gilberto Moreno 0-0: Ball
1-0: Called Strike
1-1: Called Strike
1-2: Foul Ball, location: 2F
1-2: Strikes out swinging
Batting: RHB Lorenzo Ruíz 0-0: SINGLE (Line Drive, 6) (infield hit)
Batting: RHB George St. Clair 0-0: Ball
1-0: Foul Ball, location: 2F
1-1: Foul Ball, location: 2F
1-2: Foul Ball, location: 2F
1-2: Foul Ball, location: 2F
1-2: Foul Ball, location: 2F
1-2: Ball
2-2: Hit by Pitch
Lorenzo Ruíz to second
Pinch Runner at 1st Bernard Gauthier:
Batting: SHB Ryan Forrest 0-0: Ball
1-0: Fly out, F7 (Flyball, 7LM)
Batting: RHB Amos Bies 0-0: Fielders Choice at 2nd, 6-4 (Groundball, 6)
Top of the 3rd over - 0 runs, 1 hit, 0 errors, 2 left on base; Little Caesars 5 - Belvedere Park 5
BOTTOM OF THE 3RD
Belvedere Park Rawhides batting - Pitching for Little Caesars Hot N Readys : LHP Alberto Bahe
Now at SS: Bernard Gauthier
Batting: RHB Pat Lloyd 0-0: Ball
1-0: Called Strike
1-1: Ball
2-1: Ground out 5-3 (Groundball, 56S)
Batting: RHB Joey Trifone 0-0: SINGLE (Line Drive, 8LM)
Batting: SHB Eduardo Pampin 0-0: Ball
1-0: Foul Ball, location: 2F
1-1: Foul Ball, location: 2F
1-2: Fly out, F9 (Flyball, 89S)
Batting: LHB Dan O'Day 0-0: Ball
1-0: Ball
2-0: Swinging Strike
2-1: Ball
3-1: Fly out, F8 (Flyball, 8RS)
Bottom of the 3rd over - 0 runs, 1 hit, 0 errors, 1 left on base; Little Caesars 5 - Belvedere Park 5
TOP OF THE 4TH
Little Caesars Hot N Readys batting - Pitching for Belvedere Park Rawhides : RHP Sixto Soto
Batting: RHB Harith Karim 0-0: Ball
1-0: Ball
2-0: Swinging Strike
2-1: Ball
3-1: Called Strike
3-2: Base on Balls
Batting: RHB Jorge Noutel 0-0: Swinging Strike
0-1: Foul Ball, location: 2F
0-2: Grounds into double play, 4-6-3 (Groundball, 4MD)
Batting: LHB Yin-reng Hsueh 0-0: Foul Ball, location: 2F
0-1: Called Strike
0-2: SINGLE (Groundball, 34S) (infield hit)
Batting: LHB Michael Cochran 0-0: Foul Ball, location: 2F
0-1: DOUBLE (Line Drive, 7LM)
Yin-reng Hsueh to third
Runner from 3rd tries for Home, SAFE, no throw
Pitching: LHP António Bruno
Batting: LHB Gilberto Moreno 0-0: Ball
1-0: Foul Ball, location: 2F
1-1: Foul Ball, location: 2F
1-2: Reached on error, E4 (Groundball, 4M)
Michael Cochran scores
Batting: RHB Lorenzo Ruíz 0-0: Ball
1-0: Ball
2-0: Called Strike
2-1: Fly out, F9 (Flyball, 89D)
Top of the 4th over - 2 runs, 2 hits, 1 error, 1 left on base; Little Caesars 7 - Belvedere Park 5
BOTTOM OF THE 4TH
Belvedere Park Rawhides batting - Pitching for Little Caesars Hot N Readys : LHP Alberto Bahe
Batting: RHB Jorge Alcantar 0-0: Swinging Strike
0-1: Ground out 4-3 (Groundball, 4)
Batting: SHB Adrián Zamudio 0-0: Ball
1-0: Ball
2-0: Ball
3-0: Called Strike
3-1: SINGLE (Groundball, 34S) (infield hit)
Batting: RHB Jody Bennett 0-0: Ball
1-0: Called Strike
1-1: Foul Ball, location: 2F
1-2: Strikes out swinging
Batting: SHB Ed Blackett 0-0: Called Strike
0-1: Swinging Strike
0-2: Foul Ball, location: 2F
0-2: Ball
1-2: Strikes out swinging
Bottom of the 4th over - 0 runs, 1 hit, 0 errors, 1 left on base; Little Caesars 7 - Belvedere Park 5
TOP OF THE 5TH
Little Caesars Hot N Readys batting - Pitching for Belvedere Park Rawhides : LHP António Bruno
Batting: SHB Bernard Gauthier 0-0: Ball
1-0: Foul Ball, location: 2F
1-1: Fly out, F8 (Flyball, 89M)
Batting: SHB Ryan Forrest 0-0: Foul Ball, location: 2F
0-1: Ball
1-1: Ball
2-1: Ball
3-1: Base on Balls
Batting: RHB Amos Bies 0-0: Ball
1-0: Foul Ball, location: 2F
1-1: Ball
2-1: Ball
3-1: Called Strike
3-2: Ground out 5-3 (Groundball, 25)
Ryan Forrest to second
Batting: RHB Harith Karim 0-0: Called Strike
0-1: Foul Ball, location: 2F
0-2: Ground out 6-3 (Groundball, 6)
Top of the 5th over - 0 runs, 0 hits, 0 errors, 1 left on base; Little Caesars 7 - Belvedere Park 5
BOTTOM OF THE 5TH
Belvedere Park Rawhides batting - Pitching for Little Caesars Hot N Readys : LHP Alberto Bahe
Batting: LHB Seung-soo Ch'ae 0-0: Foul Ball, location: 2F
0-1: Ball
1-1: Fly out, F9 (Flyball, 9S)
Batting: RHB Pat Lloyd 0-0: Fly out, F9 (Flyball, 89S)
Batting: RHB Joey Trifone 0-0: Swinging Strike
0-1: Ball
1-1: Swinging Strike
1-2: Ball
2-2: Strikes out swinging
Bottom of the 5th over - 0 runs, 0 hits, 0 errors, 0 left on base; Little Caesars 7 - Belvedere Park 5
TOP OF THE 6TH
Little Caesars Hot N Readys batting - Pitching for Belvedere Park Rawhides : LHP António Bruno
Batting: RHB Jorge Noutel 0-0: Ball
1-0: Bunt for hit - play at first, batter safe!
Batting: LHB Yin-reng Hsueh 0-0: Ball
1-0: Fly out, F8 (Flyball, 8LS)
Batting: LHB Michael Cochran 0-0: Called Strike
0-1: Ball
1-1: Ball
2-1: Ball
3-1: Fly out, F7 (Flyball, 7)
Batting: LHB Gilberto Moreno 0-0: Swinging Strike
0-1: Ball
1-1: Ball
2-1: Ball
3-1: Base on Balls
Jorge Noutel to second
Batting: RHB Lorenzo Ruíz 0-0: Ball
1-0: Swinging Strike
1-1: Ball
2-1: Ball
3-1: 3-RUN HOME RUN (Flyball, 7D), Distance : 397 ft
Batting: SHB Bernard Gauthier 0-0: Ball
1-0: Foul Ball, location: 2F
1-1: Foul Ball, location: 2F
1-2: Foul Ball, location: 2F
1-2: Ball
2-2: Ball
3-2: SOLO HOME RUN (Flyball, 7LD), Distance : 390 ft
Pitching: RHP Alfredo Velásquez
Batting: SHB Ryan Forrest 0-0: DOUBLE (Line Drive, 78D)
Batting: RHB Amos Bies 0-0: Foul Ball, location: 2F
0-1: Ball
1-1: Foul Ball, location: 2F
1-2: Fly out, F3 (Popup, 3)
Top of the 6th over - 4 runs, 4 hits, 0 errors, 1 left on base; Little Caesars 11 - Belvedere Park 5
BOTTOM OF THE 6TH
Belvedere Park Rawhides batting - Pitching for Little Caesars Hot N Readys : LHP Alberto Bahe
Batting: SHB Eduardo Pampin 0-0: Called Strike
0-1: Foul Ball, location: 2F
0-2: Ball
1-2: Ball
2-2: Foul Ball, location: 2F
2-2: Ball
3-2: Foul Ball, location: 2F
3-2: Foul Ball, location: 2F
3-2: SINGLE (Groundball, 34S) (infield hit)
Batting: LHB Dan O'Day 0-0: Ball
1-0: Fly out, F9 (Flyball, 9LS)
Batting: RHB Jorge Alcantar 0-0: Called Strike
0-1: Foul Ball, location: 2F
0-2: Strikes out swinging
Batting: SHB Adrián Zamudio 0-0: Called Strike
0-1: Foul Ball, location: 2F
0-2: Ball
1-2: Ball
2-2: Ball
3-2: Ground out 6-3 (Groundball, 6S)
Bottom of the 6th over - 0 runs, 1 hit, 0 errors, 1 left on base; Little Caesars 11 - Belvedere Park 5
TOP OF THE 7TH
Little Caesars Hot N Readys batting - Pitching for Belvedere Park Rawhides : RHP Alfredo Velásquez
Batting: RHB Harith Karim 0-0: Ball
1-0: Foul Ball, location: 2F
1-1: Foul Ball, location: 2F
1-2: Strikes out swinging
Batting: RHB Jorge Noutel 0-0: Called Strike
0-1: Ball
1-1: Ball
2-1: Swinging Strike
2-2: Ball
3-2: Foul Ball, location: 2F
3-2: Base on Balls
Batting: LHB Yin-reng Hsueh 0-0: Called Strike
0-1: Fielders Choice at 2nd, 5-4 (Groundball, 56)
Batting: LHB Michael Cochran 0-0: Called Strike
0-1: Called Strike
0-2: 2-RUN HOME RUN (Line Drive, 89XD), Distance : 421 ft
Batting: LHB Gilberto Moreno 0-0: Ball
1-0: Ball
2-0: Foul Ball, location: 2F
2-1: Ball
3-1: Foul Ball, location: 2F
3-2: Fly out, F2 (Popup, 23F)
Top of the 7th over - 2 runs, 1 hit, 0 errors, 0 left on base; Little Caesars 13 - Belvedere Park 5
BOTTOM OF THE 7TH
Belvedere Park Rawhides batting - Pitching for Little Caesars Hot N Readys : LHP Alberto Bahe
Batting: RHB Jody Bennett 0-0: Ball
1-0: Ball
2-0: Called Strike
2-1: Fly out, F9 (Flyball, 9D)
Batting: SHB Ed Blackett 0-0: Ball
1-0: SINGLE (Groundball, 6MD)
Batting: LHB Seung-soo Ch'ae 0-0: Ball
1-0: Called Strike
1-1: Called Strike
1-2: Ball
2-2: Strikes out looking
Pitching: RHP Pat Hunt
Batting: RHB Pat Lloyd 0-0: Called Strike
Ed Blackett is caught stealing 2nd base
Bottom of the 7th over - 0 runs, 1 hit, 0 errors, 0 left on base; Little Caesars 13 - Belvedere Park 5
TOP OF THE 8TH
Little Caesars Hot N Readys batting - Pitching for Belvedere Park Rawhides : RHP Alfredo Velásquez
Batting: RHB Lorenzo Ruíz 0-0: Ball
1-0: Ball
2-0: SINGLE (Line Drive, 9LS)
Batting: SHB Bernard Gauthier 0-0: Ball
1-0: Fly out, F4 (Line Drive, 4M)
Batting: SHB Ryan Forrest 0-0: Ground out 6-3 (Groundball, 56D)
Lorenzo Ruíz to second
Batting: RHB Amos Bies 0-0: Foul Ball, location: 2F
0-1: Ball
1-1: Ball
2-1: Foul Ball, location: 2F
2-2: DOUBLE (Line Drive, 8LD)
Lorenzo Ruíz scores
Batting: RHB Harith Karim 0-0: Foul Ball, location: 2F
0-1: Ball
1-1: DOUBLE (Line Drive, 8RD)
Amos Bies scores
Batting: RHB Jorge Noutel 0-0: Foul Ball, location: 2F
0-1: Ball
1-1: Foul Ball, location: 2F
1-2: Strikes out looking
Top of the 8th over - 2 runs, 3 hits, 0 errors, 1 left on base; Little Caesars 15 - Belvedere Park 5
BOTTOM OF THE 8TH
Belvedere Park Rawhides batting - Pitching for Little Caesars Hot N Readys : RHP Pat Hunt
Batting: RHB Pat Lloyd 0-0: Ball
1-0: Foul Ball, location: 2F
1-1: Ball
2-1: Ball
3-1: Base on Balls
Batting: RHB Joey Trifone 0-0: Ball
1-0: Foul Ball, location: 2F
1-1: Swinging Strike
1-2: Foul Ball, location: 2F
1-2: Ball
2-2: Ball
3-2: Foul Ball, location: 2F
3-2: Fielders Choice at 2nd, 5-4 (Groundball, 56)
Batting: SHB Eduardo Pampin 0-0: Ball
1-0: Ball
2-0: Foul Ball, location: 2F
2-1: Fly out, F9 (Flyball, 9S)
Batting: LHB Dan O'Day 0-0: Foul Ball, location: 2F
0-1: Ball
1-1: Foul Ball, location: 2F
1-2: Strikes out swinging
Bottom of the 8th over - 0 runs, 0 hits, 0 errors, 1 left on base; Little Caesars 15 - Belvedere Park 5
TOP OF THE 9TH
Little Caesars Hot N Readys batting - Pitching for Belvedere Park Rawhides : RHP Alfredo Velásquez
Batting: LHB Yin-reng Hsueh 0-0: Ball
1-0: Called Strike
1-1: SOLO HOME RUN (Flyball, 7LD), Distance : 373 ft
Batting: LHB Michael Cochran 0-0: Ball
1-0: Called Strike
1-1: DOUBLE (Line Drive, 78D)
Pitching: LHP Claudio Avelardo
Batting: LHB Gilberto Moreno 0-0: Swinging Strike
0-1: Foul Ball, location: 2F
0-2: Ball
1-2: Foul Ball, location: 2F
1-2: Ball
2-2: Ball
3-2: Foul Ball, location: 2F
3-2: Fly out, F7 (Flyball, 78D)
Batting: RHB Lorenzo Ruíz 0-0: Called Strike
0-1: Fly out, F7 (Line Drive, 7)
Batting: SHB Bernard Gauthier 0-0: Called Strike
0-1: Foul Ball, location: 2F
0-2: Ball
1-2: Ball
2-2: Ball
3-2: Base on Balls
Batting: SHB Ryan Forrest 0-0: Fielders Choice at 2nd, 5-4 (Groundball, 5)
Top of the 9th over - 1 run, 2 hits, 0 errors, 2 left on base; Little Caesars 16 - Belvedere Park 5
BOTTOM OF THE 9TH
Belvedere Park Rawhides batting - Pitching for Little Caesars Hot N Readys : RHP Pat Hunt
Batting: RHB Jorge Alcantar 0-0: Ball
1-0: Ball
2-0: Called Strike
2-1: Foul Ball, location: 2F
2-2: Strikes out looking
Batting: SHB Adrián Zamudio 0-0: Fly out, F7 (Flyball, 7LMF)
Batting: RHB Jody Bennett 0-0: Ball
1-0: Swinging Strike
1-1: Ball
2-1: Called Strike
2-2: Ball
3-2: Base on Balls
Batting: SHB Ed Blackett 0-0: Ball
1-0: Ball
2-0: Swinging Strike
2-1: Ball
3-1: Foul Ball, location: 2F
3-2: Foul Ball, location: 2F
3-2: Foul Ball, location: 2F
3-2: Base on Balls
Jody Bennett to second
Batting: LHB Seung-soo Ch'ae 0-0: Ground out U3 (Groundball, 3)
Bottom of the 9th over - 0 runs, 0 hits, 0 errors, 2 left on base; Little Caesars 16 - Belvedere Park 5
Sunday, March 18th, 2018 - OOTP Baseball 18.8 Build 76